 Dungeon Crawl Stone Soup version 0.28-b1-1-g3c77fb2ed1 (webtiles) character file.

Game seed: 9119355422941995258

46 Descartes the Grasshopper (level 3, -5/16 HPs)
             Began as a Felid Warper on Jan 28, 2022.
             Slain by a gnoll (13 damage)
             ... on level 4 of the Dungeon.
             The game lasted 00:04:19 (4569 turns).

Descartes the Grasshopper (Felid Warper)            Turns: 4569, Time: 00:04:20

Health: -5/16      AC:  1    Str:  9    XL:     3   Next: 46%
Magic:  7/7        EV: 18    Int: 14    God:
Gold:   174        SH:  0    Dex: 15    Spells: 6/6 levels left
                                        Lives:  0   Deaths: 1

rFire   . . .      SeeInvis +     - Unarmed
rCold   . . .      Faith    .   (shield unavailable)
rNeg    . . .      Spirit   .   (armour unavailable)
rPois   .          Reflect  .   (helmet unavailable)
rElec   .          Harm     .   (cloak unavailable)
rCorr   .          Rampage  .   (gloves unavailable)
Will    .....                   (boots unavailable)
Stlth   +++.......              (no amulet)
HPRegen 0.05/turn               (no ring)
MPRegen 0.10/turn               (no ring)

@: quick
A: very small, claws 1, fangs 3, see invisible, speed 1, shaggy fur 1, stealthy
paws, no weapons or thrown items, no armour, multi-lived
a: no special abilities


You were on level 4 of the Dungeon.
You visited 1 branch of the dungeon, and saw 4 of its levels.

You collected 174 gold pieces.

Inventory:

Missiles
 f - 85 stones
Scrolls
 a - a scroll of blinking
 b - 3 scrolls of vulnerability {unknown}
 e - a scroll of amnesia {unknown}
 g - 2 scrolls of identify {unknown}
 h - a scroll of teleportation {unknown}
 j - a scroll of noise {unknown}
Potions
 c - 3 potions of curing
 d - a potion of attraction {unknown}
 i - a potion of resistance {unknown}
 k - a potion of lignification {unknown}
 l - a potion of invisibility {unknown}


   Skills:
 - Level 2.0 Fighting
 + Level 4.1 Dodging
 * Level 3.8 Stealth
 + Level 2.7 Unarmed Combat
 - Level 2.0 Spellcasting
 - Level 5.0 Translocations


You had 6 spell levels left.
You didn't know any spells.
Your spell library contained the following spells:

 Spells                   Type           Power      Damage    Failure   Level
 Blink                    Tloc           30%        N/A       4%          2
 Gell's Gravitas          Tloc           15%        N/A       9%          3
 Lesser Beckoning         Tloc           15%        N/A       9%          3
 Teleport Other           Tloc           15%        N/A       9%          3
 Ozocubu's Armour         Ice            1%         N/A       56%         3
 Manifold Assault         Tloc           15%        N/A       63%         5
 Metabolic Englaciation   Hex/Ice        0%         N/A       100%        5
 Simulacrum               Ice/Necr       0%         N/A       100%        6


Dungeon Overview and Level Annotations

Branches:
Dungeon (4/15)
 Temple: D:4-7

Altars:
Hepliaklqana

Annotations:
D:3 Sigmund
D:4 Blork the orc


Innate Abilities, Weirdness & Mutations

You have sharp claws.
You have razor-sharp teeth.
You have supernaturally acute eyesight. (SInv)
You cover ground quickly. (Speed+)
You are covered in fur. (AC +1)
Your paws help you pounce on unaware monsters.
You are incapable of wielding weapons or throwing items.
You cannot wear armour.
You gain extra lives every three experience levels.


Message History

The gnoll throws a throwing net.
The throwing net barely misses you.
A gnoll comes into view. It is wielding a +0 flail.
You scratch the gnoll.
The gnoll is moderately wounded.
The gnoll misses you.
You barely miss the gnoll. Your claw misses the gnoll.
The gnoll is moderately wounded.
The gnoll completely misses you.
You barely miss the gnoll shaman.
You bite the gnoll shaman, but do no damage.
The gnoll completely misses you.
The gnoll shaman hits you with a +0 club.
You scratch the gnoll shaman.
The gnoll shaman is lightly wounded.
The gnoll shaman hits you with a +0 club.
The gnoll closely misses you.
You are too injured to fight recklessly!
You are too injured to fight recklessly!
You are too injured to fight recklessly!
You are too injured to fight recklessly!
You are too injured to fight recklessly!
You are too injured to fight recklessly!
You are too injured to fight recklessly!
You barely miss the gnoll shaman.
The gnoll shaman is lightly wounded.
The gnoll shaman misses you. The gnoll closely misses you.
You scratch the gnoll shaman but do no damage.
The gnoll shaman is lightly wounded.
The gnoll shaman misses you. The gnoll misses you.
You scratch the gnoll shaman but do no damage.
The gnoll shaman is lightly wounded.
You scratch the gnoll shaman.
The gnoll shaman is lightly wounded.
The gnoll shaman misses you. The gnoll misses you.
You scratch the gnoll shaman.
The gnoll shaman is heavily wounded.
The gnoll shaman barely misses you.
The gnoll hits you from afar with a +0 halberd!
Ouch! That really hurt!
You die...

..............[...#
..................#
...........[....(.#
..................+
..................#
.........#######'##
.........# #.#
.........# #.#
.......[.# #@#
########## #g# #g#
#g# #g# #.# #.# #.#


You could see a gnoll shaman and 3 gnolls.

Vanquished Creatures
  A hound skeleton (D:4)
  2 adders
  2 worms
  2 dart slugs (D:1)
  8 bats
  4 endoplasms
  2 giant cockroaches (D:1)
  3 goblins
  5 hobgoblins (D:1)
  2 jackals (D:2)
  2 kobolds (D:3)
  7 quokkas
  7 ball pythons
  3 frilled lizards (D:1)
  3 rats
53 creatures vanquished.

Notes
Turn   | Place    | Note
-------+----------+-------------------------------------------
     0 | D:1      | Descartes the Felid Warper began the quest for the Orb.
     0 | D:1      | Reached XP level 1. HP: 9/9 MP: 4/4
   320 | D:1      | Reached skill level 1 in Stealth
   442 | D:1      | Reached XP level 2. HP: 13/13 MP: 6/6
  1316 | D:1      | Reached XP level 3. HP: 15/16 MP: 7/7
  1484 | D:2      | Found a hazy altar of Hepliaklqana.
  1755 | D:2      | Reached skill level 5 in Translocations
  2509 | D:3      | Noticed Sigmund
  2567 | D:3      | Reached XP level 4. HP: 17/19 MP: 8/8
  3286 | D:3      | Found a faded altar of an unknown god.
  4215 | D:4      | Noticed Blork the orc
  4221 | D:4      | Slain by Blork the orc
  4222 | D:4      | Reached XP level 3. HP: 0/16 MP: 7/7
  4569 | D:4      | Slain by a gnoll

Illustrated notes

Levels and vault maps discovered:
D:1:      eino_arrival_cavern_a, layout_loops_corners
D:2:      layout_loops_ring, basic_altar
D:3:      layout_basic, ebering_ecumenical_altar_sacrificial,
          minmay_misc_feat_iff, uniq_sigmund
D:4:      layout_basic, uniq_blork_the_orc

Skill      XL: |  1  2  3 |
---------------+----------+-----
Stealth        | 1 2 3 |  3.8
Translocations | 5 |  5.0
Dodging        | 4 |  4.1
Fighting       | |  2.0
Unarmed Combat | |  2.7
Spellcasting   | |  2.0

Action                   |  1- 3 |  4- 6 || total
-------------------------+-------+-------++-------
Melee: Unarmed           |   159 |    43 ||   202
       Bite              |    10 |     3 ||    13
       Punch             |     1 |     3 ||     4
  Use: Potion            |     1 |       ||     1
 Stab: Sleeping          |     9 |     1 ||    10
Armor: Skin              |    10 |     1 ||    11
Dodge: Dodged            |   129 |    35 ||   164
